 Dungeon Crawl Stone Soup version 0.30-a0-618-gd6c86c23d0 (webtiles) character file.

Game seed: 8496058021233757587

308 Leeroy the Covert (level 6, 0/32 HPs)
             Began as a Kobold Enchanter on Jan 9, 2023.
             Slain by a river rat (8 damage)
             ... on level 3 of the Dungeon.
             The game lasted 00:04:19 (2869 turns).

Leeroy the Covert (Kobold Enchanter)                Turns: 2869, Time: 00:04:19

Health: 0/32       AC:  2    Str:  6    XL:     6   Next: 68%
Magic:  2/9        EV: 15    Int: 16    God:
Gold:   218        SH:  0    Dex: 17    Spells: 1/9 levels left

rFire   . . .      SeeInvis .    r - +0 dagger (speed)
rCold   . . .      Faith    .    (no shield)
rNeg    . . .      Spirit   .    b - +0 robe
rPois   .          Reflect  .    (no helmet)
rElec   .          Harm     .    (no cloak)
rCorr   .          Rampage  .    (no gloves)
Will    .....                    (no boots)
Stlth   +++                      (no amulet)
HPRegen 0.25/turn                (no ring)
MPRegen 0.11/turn                (no ring)

@: very slightly contaminated, invisible, very slow
A: small, no large weapons, nightstalker 3
a: no special abilities


You were on level 3 of the Dungeon.
You visited 1 branch of the dungeon, and saw 3 of its levels.

You collected 218 gold pieces.

Inventory:

Hand Weapons
 a - a +1 dagger
 g - a +1 dagger of holy wrath
 i - a +0 long sword
 r - a +0 dagger of speed (weapon)
Missiles
 k - 10 poisoned darts (quivered)
Armour
 b - a +0 robe (worn)
Jewellery
 d - an amulet of reflection
Scrolls
 f - 2 scrolls of teleportation {unknown}
 q - a scroll of identify {unknown}
Potions
 c - a potion of invisibility
 e - 2 potions of curing {unknown}
 h - a potion of cancellation {unknown}
 j - a potion of haste {unknown}
 l - a potion of lignification {unknown}
 m - a potion of brilliance {unknown}
 n - a potion of might {unknown}
 o - a potion of flight {unknown}
 p - a potion of heal wounds {unknown}


   Skills:
 - Level 1.3 Short Blades
 - Level 2.4 Dodging
 + Level 9.9 Stealth
 - Level 2.1 Spellcasting
 - Level 3.0 Hexes


You had one spell level left.
You knew the following spells:

 Your Spells              Type           Power      Damage    Failure   Level
a - Ensorcelled Hibernat  Hex/Ice        12%        N/A       17%         2
b - Confusing Touch       Hex            11%        N/A       19%         3
c - Dazzling Flash        Conj/Hex       12%        N/A       32%         3

Your spell library contained the following spells:

 Spells                   Type           Power      Damage    Failure   Level
 Tukima's Dance           Hex            11%        N/A       19%         3
 Summon Forest            Summ/Tloc      0%         N/A       99%         5
 Eringya's Noxious Bog    Tmut/Pois      0%         N/A       100%        6
 Summon Hydra             Summ           0%         N/A       100%        7


Dungeon Overview and Level Annotations

Branches:
Dungeon (3/15)

Altars:
Makhleb
Nemelex Xobeh
The Shining One


Innate Abilities, Weirdness & Mutations

You are small and have problems with some larger weapons.
You are completely attuned to the shadows.


Message History

Casting: Ensorcelled Hibernation (safe; 17% risk of failure)
Confirm with . or Enter, or press ? or * to list all spells.
Aiming: Ensorcelled Hibernation (safe; 17% risk of failure)
Press: ? - help, Shift-Dir - straight line, f/p - river rat
Aim: a river rat (chance to affect: 49%)
The river rat resists with some effort.
The river rat bites you.
Casting: Ensorcelled Hibernation (safe; 17% risk of failure)
Confirm with . or Enter, or press ? or * to list all spells.
Aiming: Ensorcelled Hibernation (safe; 17% risk of failure)
Press: ? - help, Shift-Dir - straight line, f/p - river rat
Aim: a river rat (chance to affect: 49%)
The river rat resists with some effort.
The river rat closely misses you.
Casting: Ensorcelled Hibernation (safe; 17% risk of failure)
Confirm with . or Enter, or press ? or * to list all spells.
Aiming: Ensorcelled Hibernation (safe; 17% risk of failure)
Press: ? - help, Shift-Dir - straight line, f/p - river rat
Aim: a river rat (chance to affect: 49%)
The river rat resists with some effort.
The river rat bites you.
Casting: Ensorcelled Hibernation (safe; 17% risk of failure)
Confirm with . or Enter, or press ? or * to list all spells.
Okay, then.
Your unstable footing causes you to fumble your attack.
Your unstable footing causes you to fumble your attack.
The river rat bites you.
Your unstable footing causes you to fumble your attack.
The river rat bites you!
You fade into invisibility!
The river rat closely misses you. The river rat closely misses you.
The river rat misses you. The river rat closely misses you.
The river rat closely misses you.
Your unstable footing causes you to fumble your attack.
The river rat bites you.
* * * LOW HITPOINT WARNING * * *
You hit the river rat but do no damage. The river rat attacks as you move away!
The river rat closely misses you. The river rat barely misses you.
The river rat attacks as you move away! The river rat misses you.
The river rat bites you!
You die...

..###.###.# #.###.# #.#
......###.###
#.###.......# ### ..#
#..##.#.####~# #~#
#####........#~~~# #~#
# #.........#~#~##~#~#
# #...###...# #r#~~#~#
# #...##.#..# #@#~##~#
#...#.##..# #~#~~~~#
#.).##.##.# #~#~####
####...###.#.# #~~~~~†#
.......# ##..########~#
#####..#
#..~~~)~~~~~###########
#..#
#.#~~#~#~####..........
###..#
#.#.~.~~~~~..##########
#....# #.#.....~....#


You could see a river rat.

Vanquished Creatures
  A water moccasin (D:3)
  Natasha (twice) (D:3)
  9 adders
  3 worms
  3 dart slugs
  An orc (D:3)
  2 ball pythons
  6 bats
  6 endoplasms
  A giant cockroach (D:1)
  4 goblins
  2 hobgoblins
  2 jackals (D:3)
  3 quokkas
  15 frilled lizards
  4 kobolds
  5 rats
69 creatures vanquished.

Notes
Turn   | Place    | Note
-------+----------+-------------------------------------------
     0 | D:1      | Leeroy the Kobold Enchanter began the quest for the Orb.
     0 | D:1      | Reached XP level 1. HP: 10/10 MP: 3/3
   183 | D:1      | Reached XP level 2. HP: 15/15 MP: 5/5
   248 | D:1      | Reached skill level 5 in Stealth
   734 | D:1      | Reached XP level 3. HP: 19/19 MP: 6/6
  1229 | D:2      | Reached skill level 6 in Stealth
  1535 | D:2      | Reached XP level 4. HP: 24/24 MP: 7/7
  1879 | D:3      | Noticed a water moccasin
  1883 | D:3      | Killed a water moccasin
  1884 | D:3      | Reached skill level 8 in Stealth
  1884 | D:3      | Reached XP level 5. HP: 28/28 MP: 8/8
  1884 | D:3      | Found a sparkling altar of Nemelex Xobeh.
  2011 | D:3      | Learned a level 2 spell: Ensorcelled Hibernation
  2022 | D:3      | Learned a level 3 spell: Confusing Touch
  2026 | D:3      | Learned a level 3 spell: Dazzling Flash
  2119 | D:3      | Reached XP level 6. HP: 32/32 MP: 9/9
  2142 | D:3      | Reached skill level 9 in Stealth
  2362 | D:3      | Found a glowing golden altar of the Shining One.
  2408 | D:3      | Noticed Natasha
  2412 | D:3      | Killed Natasha
  2449 | D:3      | Found a burning altar of Makhleb.
  2479 | D:3      | Found a faded altar of an unknown god.
  2715 | D:3      | Noticed Natasha
  2721 | D:3      | Killed Natasha
  2869 | D:3      | Slain by a river rat

Illustrated notes

Levels and vault maps discovered:
D:1:      elethiomel_arrival_shortcut, layout_loops_ring
D:2:      layout_loops_cross, dk_noncrumbling_2, kennysheep_doodads,
          st_stairs_12, grunt_decor_cap, minmay_lizard_pond
D:3:      layout_loops_ring, nemelex_xobeh_ov_fountains_minmay,
          mainiacjoe_overflow_24_doors, mainiacjoe_overflow_small_starburst,
          hellmonk_ecumenical_altar_leap_of_faith, lightli_sewer_entry_pipes,
          uniq_natasha

Skill      XL: |  1  2  3  4  5  6 |
---------------+-------------------+-----
Stealth        | 5 6 8 9 |  9.9
Short Blades   | |  1.3
Dodging        | |  2.4
Spellcasting   | |  2.1
Hexes          | |  3.0

Action                   |  1- 3 |  4- 6 || total
-------------------------+-------+-------++-------
Melee: Dagger            |    99 |   138 ||   237
       Punch             |       |     2 ||     2
 Cast: Ensorcelled Hiber |       |     6 ||     6
       Confusing Touch   |       |     1 ||     1
  Use: Potion            |       |     1 ||     1
 Stab: Sleeping          |    15 |    21 ||    36
       Distracted        |       |     1 ||     1
Armor: Robe              |    19 |    10 ||    29
Dodge: Dodged            |    80 |    92 ||   172

Table legend: (Time is in decaauts)
 A = Elapsed time spent in this place.
 B = Non-inter-level travel time spent in this place.
 C = Inter-level travel time spent in this place.
 D = Time resting spent in this place.
 E = Time spent auto-exploring this place.
 F = Levels seen in this place.
 G = Mean time per level.
                   A        B        C        D        E       F      G
               +--------+--------+--------+--------+--------+-----+--------+
         Total |   2854 |   2713 |    141 |      0 |   2172 |   3 |  951.3 |
       Dungeon |   2854 |   2713 |    141 |      0 |   2172 |   3 |  951.3 |
               +--------+--------+--------+--------+--------+-----+--------+

Top non-repeatable levels by time:
     D:3: 1063 daAuts
     D:1: 907 daAuts
     D:2: 883 daAuts
